AoeStats
← FlyingShrimp500

Black Forest

510204640Analyzed
4v4 RM · 2d ago on Sep 29, 2026· 59m 44s· 8 players
Game mode
Random Map
Map size
Large (8 player)
Population
200
Speed
Normal
Resources
Standard
Victory
Conquest
Starting age
Dark Age
Ending age
Imperial Age
RankedLock teamsTeams togetherTeam positionsShared explorationLock speedFull tech treeHidden civsTurbo modeCheats
Victory
Defeat
🇺🇸 Persians · United States
789
+16
🇬🇧 Ethiopians · United Kingdom
706
+19
🇲🇽 Britons · Mexico
702
+20
🇨🇴 Chinese · Colombia
604
+24
🇺🇸 Turks · United States
822
-21
🇺🇸 Italians · United States
789
-20
🇺🇸 Bohemians · United States
760
-19
🇺🇸 Huns · United States
756
-19
D4RKK
0:34 Loom
11:35 Feudal Age
12:25 Double-Bit Axe
12:32 Gold Mining
17:20 Horse Collar
17:54 Stone Mining
21:54 Castle Age
28:20 Bow Saw
31:15 Wheelbarrow
33:35 Scale Barding Armor
36:02 Hand Cart
36:24 Heavy Plow
36:48 Padded Archer Armor
36:38 Fletching
36:51 Padded Archer Armor
39:17 Caravan
42:16 Imperial Age
40:28 Kamandaran
40:52 Chain Barding Armor
41:34 Bloodlines
41:25 Husbandry
42:43 Gold Shaft Mining
42:44 Stone Shaft Mining
42:03 Pikeman
42:43 Squires
43:09 Leather Archer Armor
42:54 Scale Mail Armor
43:30 Plate Barding Armor
43:05 Forging
42:51 Bodkin Arrow
43:30 Elite War Elephant
45:06 Crop Rotation
44:32 Crossbowman
45:17 Thumb Ring
47:12 Ring Archer Armor
48:44 Town Watch
49:37 Iron Casting
49:18 Chain Mail Armor
49:32 Conscription
49:50 Hoardings
53:23 Plate Mail Armor
53:54 Blast Furnace
53:04 Cavalier
53:58 Guilds
54:52 Elite Skirmisher
56:01 Parthian Tactics
56:34 Ballistics
56:10 Murder Holes
57:16 Chemistry
Arun
2:10 Loom
14:16 Feudal Age
19:12 Castle Age
17:35 Stone Mining
17:29 Horse Collar
17:38 Double-Bit Axe
21:05 Stone Shaft Mining
20:20 Gold Mining
20:47 Bow Saw
20:39 Heavy Plow
22:28 Wheelbarrow
24:26 Coinage
24:44 Hand Cart
27:18 Caravan
27:22 Scale Mail Armor
29:31 Town Watch
30:04 Chain Mail Armor
29:59 Forging
30:32 Scale Barding Armor
31:20 Gold Shaft Mining
31:20 Town Patrol
34:23 Imperial Age
32:41 Elite Skirmisher
32:41 Crossbowman
33:27 Thumb Ring
34:37 Onager
34:43 Elite Shotel Warrior
35:43 Conscription
35:29 Royal Heirs
36:23 Plate Mail Armor
36:29 Iron Casting
36:57 Chemistry
36:18 Ballistics
36:36 Chain Barding Armor
36:15 Murder Holes
36:31 Fortified Wall
36:32 Masonry
36:46 Siege Onager
37:47 Sappers
38:21 Torsion Engines
38:06 Arbalester
40:01 Heavy Scorpion
43:03 Guilds
43:23 Banking
45:20 Blast Furnace
44:10 Fletching
44:21 Padded Archer Armor
45:11 Man-at-Arms
45:11 Halberdier
45:52 Squires
45:37 Arson
53:23 Ballistics
53:09 Siege Engineers
53:35 Architecture
53:22 Leather Archer Armor
53:02 Bodkin Arrow
55:57 Capped Ram
56:40 Capped Ram
56:52 Heavy Cavalry Archer
57:41 Siege Ram
58:22 Long Swordsman
SKILBILOTHBROK
13:45 Feudal Age
14:12 Double-Bit Axe
15:42 Wheelbarrow
16:35 Horse Collar
16:50 Town Watch
20:17 Gold Mining
25:03 Castle Age
24:48 Stone Mining
25:40 Pikeman
25:46 Crossbowman
27:09 Gold Shaft Mining
28:16 Bow Saw
28:33 Thumb Ring
28:50 Fletching
29:01 Padded Archer Armor
29:07 Scale Mail Armor
30:22 Hand Cart
31:53 Town Patrol
38:30 Imperial Age
37:54 Bodkin Arrow
39:25 Leather Archer Armor
39:51 Loom
39:35 Arbalester
41:16 Forging
41:25 Chain Mail Armor
42:29 Ballistics
43:10 Chemistry
43:05 Bracer
43:48 Heavy Plow
44:50 Two-Man Saw
44:57 Elite Fire Lancer
48:46 Iron Casting
58:27 Ring Archer Armor
58:27 Plate Mail Armor
58:58 Blast Furnace
La Morte Noire
10:48 Feudal Age
14:47 Castle Age
13:17 Double-Bit Axe
13:42 Horse Collar
15:07 Wheelbarrow
16:15 Bow Saw
17:00 Heavy Plow
23:30 Gold Mining
23:31 Stone Mining
25:36 Gold Shaft Mining
29:39 Imperial Age
27:10 Fletching
27:21 Padded Archer Armor
27:59 Bodkin Arrow
28:28 Hand Cart
27:59 Loom
28:47 Leather Archer Armor
30:22 Bracer
30:53 Ring Archer Armor
30:56 Yeomen
30:57 Conscription
31:10 Ballistics
32:45 Chemistry
34:14 Two-Man Saw
34:29 Elite Longbowman
36:52 Fortified Wall
36:49 Siege Engineers
36:40 Murder Holes
36:56 Masonry
36:27 Treadmill Crane
37:52 Warwolf
38:28 Hoardings
37:24 Sappers
50:21 Forging
50:12 Scale Mail Armor
49:36 Pikeman
50:16 Squires
50:02 Arson
53:53 Halberdier
55:13 Iron Casting
mm787
12:02 Feudal Age
12:34 Double-Bit Axe
18:09 Castle Age
16:58 Horse Collar
19:48 Bow Saw
20:41 Wheelbarrow
21:03 Gold Mining
27:16 Imperial Age
25:24 Fletching
26:03 Ballistics
26:35 Stone Mining
28:30 Hand Cart
28:03 Town Watch
28:39 Bodkin Arrow
28:44 Padded Archer Armor
28:53 Scale Barding Armor
30:17 Bracer
31:34 Thumb Ring
32:53 Two-Man Saw
33:35 Chain Barding Armor
33:31 Leather Archer Armor
36:44 Heavy Plow
37:13 Caravan
38:27 Gold Shaft Mining
39:38 Bombard Tower
39:40 Capped Ram
40:48 Artillery
42:26 Artillery
42:57 Bloodlines
43:21 Husbandry
44:54 Hoardings
57:59 Siege Ram
FlyingShrimp500
13:52 Feudal Age
14:49 Double-Bit Axe
14:47 Horse Collar
16:39 Gold Mining
22:36 Castle Age
22:15 Bloodlines
22:17 Scale Barding Armor
22:23 Forging
24:35 Heavy Plow
24:53 Bow Saw
24:43 Stone Mining
29:13 Wheelbarrow
29:58 Husbandry
31:25 Chain Barding Armor
32:35 Iron Casting
37:47 Imperial Age
35:28 Marauders
38:15 Hand Cart
40:37 Conscription
40:40 Caravan
40:08 Cavalier
40:41 Elite Tarkan
43:00 Paladin
46:12 Plate Barding Armor
46:39 Blast Furnace
pjc013
6:18 Loom
11:33 Feudal Age
15:17 Double-Bit Axe
20:07 Castle Age
28:33 Imperial Age
26:22 Horse Collar
27:42 Wheelbarrow
29:01 Heavy Plow
28:59 Pikeman
29:40 Squires
30:03 Capped Ram
31:30 Halberdier
37:12 Chemistry
37:28 Houfnice
40:46 Hand Cart
40:25 Town Watch
40:55 Hand Cart
42:10 Siege Engineers
42:31 Wagenburg Tactics
44:42 Murder Holes
45:10 Ballistics
45:44 Scale Mail Armor
45:55 Forging
45:50 Scale Barding Armor
53:04 Iron Casting
52:44 Chain Mail Armor
56:41 Blast Furnace
56:12 Plate Mail Armor
56:02 Chain Barding Armor
deadpandessert
11:41 Feudal Age
12:26 Double-Bit Axe
14:18 Loom
19:25 Horse Collar
22:36 Castle Age
22:40 Gold Mining
22:41 Stone Mining
25:17 Bow Saw
26:11 Treadmill Crane
26:51 Fortified Wall
30:00 Pikeman
30:41 Squires
39:22 Ballistics
46:43 Imperial Age
Connection lost

Rejoining the realm…

Still unreachable

The connection could not be restored.

Session expired

The server has moved on; the page needs a fresh start.